 Dungeon Crawl Stone Soup version 0.29.1-2-gbd0b4ee654 (webtiles) character file.

Game seed: 11186789947791951295

28991 Lutefisk the Unseen (level 13, -2/72 HPs)
             Began as a Vine Stalker Brigand on Oct 29, 2022.
             Was an Elder of Dithmenos.
             Succumbed to a cane toad's poison
             ... on level 5 of the Lair of Beasts.
             The game lasted 00:54:52 (6938 turns).

Lutefisk the Unseen (Vine Stalker Brigand)          Turns: 6938, Time: 00:54:52

Health: -2/72      AC:  9    Str: 15    XL:     13   Next: 42%
Magic:  0/15       EV: 14    Int: 11    God:    Dithmenos [****..]
Gold:   994        SH:  9    Dex: 20    Spells: 12/12 levels left

rFire   + . .      SeeInvis .   r - +2 dagger (distort)
rCold   + . .      Faith    .   A - +0 buckler
rNeg    . . .      Spirit   +   J - +0 ring mail
rPois   .          Reflect  +   (no helmet)
rElec   .          Harm     .   H - scarf {rC+ rF+}
rCorr   .          Rampage  .   F - +2 pair of gloves
Will    +....                   (no boots)
Stlth   ++++++++..              k - amulet of reflection
HPRegen 1.02/turn               (no ring)
MPRegen 0.14/turn               (no ring)

@: lethally poisoned (-2 -> -12), about to teleport, wreathed by umbra
A: fangs 3, regeneration 1, magic shield, antimagic bite, no potion heal 2
a: Renounce Religion, Shadow Step


You were on level 5 of the Lair of Beasts.
You worshipped Dithmenos.
Dithmenos was greatly pleased with you.
You visited 3 branches of the dungeon, and saw 15 of its levels.
You also visited: Ice Cave.

You collected 994 gold pieces.

Inventory:

Hand Weapons
 a - a +2 dagger
 m - a +2 dagger of venom
 r - a +2 dagger of distortion (weapon)
 G - a +4 scimitar
 I - a +0 double sword
Missiles
 d - 11 poisoned darts (quivered)
 e - 4 curare-tipped darts
 U - 4 boomerangs of dispersal
Armour
 c - a +0 cloak
 A - a +0 buckler (worn)
 F - a +2 pair of gloves (worn)
 H - a scarf of resistance (worn)
 J - a +0 ring mail (worn)
 O - the +11 chain mail "Codut" {rPois Int+2}
   (You found it on level 1 of the Lair of Beasts)

   Int:       It affects your intelligence (+2).
   rPois:     It protects you from poison.
Magical Staves
 x - a staff of cold
 y - a staff of air
Jewellery
 k - an amulet of reflection (around neck)
 M - an amulet of magic regeneration
Wands
 g - a wand of paralysis (4)
 u - a wand of flame (46)
 v - a wand of mindburst (13)
 C - a wand of digging (11)
Scrolls
 b - 2 scrolls of immolation
 h - 3 scrolls of vulnerability
 i - a scroll of fog {unknown}
 j - 4 scrolls of magic mapping
 l - 3 scrolls of amnesia
 q - 2 scrolls of teleportation
 t - a scroll of acquirement
 w - a scroll of summoning {unknown}
 z - a scroll of noise {unknown}
 D - a scroll of enchant weapon {unknown}
 K - 3 scrolls of identify
 N - 2 scrolls of poison
 Q - a scroll of torment {unknown}
 V - a scroll of silence {unknown}
Potions
 f - 3 potions of degeneration {unknown}
 n - 2 potions of attraction
 o - 4 potions of flight
 p - 2 potions of magic
 s - a potion of haste {unknown}
 B - 2 potions of brilliance
 E - 2 potions of might {unknown}
 L - 2 potions of invisibility {unknown}
 P - a potion of ambrosia {unknown}
 S - a potion of cancellation {unknown}
 T - a potion of experience {unknown}
 W - a potion of lignification {unknown}
 X - 2 potions of mutation {unknown}
 Y - a potion of curing
Miscellaneous
 R - a box of beasts


   Skills:
 * Level 10.6 Fighting
 - Level 2.0(6.0) Short Blades
 * Level 9.0(9.1) Long Blades
 - Level 2.0 Throwing
 - Level 7.0 Armour
 - Level 7.0 Dodging
 - Level 15.0 Stealth
 * Level 0.7 Shields
 - Level 2.0 Invocations
 - Level 4.0 Evocations


You had 12 spell levels left.
You didn't know any spells.
Your spell library contained the following spells:

 Spells                   Type           Power      Damage    Failure   Level
 Foxfire                  Conj/Fire      0%         2x1d4     65%         1
 Freeze                   Ice            0%         1d3       65%         1
 Necrotise                Necr           0%         1d4       65%         1
 Ensorcelled Hibernation  Hex/Ice        0%         N/A       78%         2
 Passwall                 Tmut/Erth      0%         N/A       78%         2
 Poisonous Vapours        Pois/Air       0%         N/A       78%         2
 Conjure Flame            Conj/Fire      0%         6-21      95%         3
 Frozen Ramparts          Ice            0%         1d1       95%         3
 Gell's Gravitas          Tloc           0%         N/A       95%         3
 Inner Flame              Hex/Fire       0%         N/A       95%         3
 Swiftness                Air            0%         N/A       95%         3
 Teleport Other           Tloc           0%         N/A       95%         3
 Vampiric Draining        Necr           0%         2d6       95%         3
 Corpse Rot               Necr/Pois/Air  0%         N/A       100%        4
 Flame Wave               Conj/Fire      0%         2d4       100%        4
 Hailstorm                Conj/Ice       0%         3d3       100%        4
 Summon Lightning Spire   Summ/Air       0%         N/A       100%        4
 Agony                    Necr           0%         N/A       100%        5
 Dispersal                Tloc           0%         N/A       100%        6
 Storm Form               Tmut/Air       0%         N/A       100%        7
 Maxwell's Capacitive Co  Air            0%         ∞         100%        8


Dungeon Overview and Level Annotations

Branches:
Dungeon (9/15)             Temple (1/1) D:4            Lair (5/5) D:9
  Snake (0/4) Lair:2        Slime (0/5) Lair:4        IceCv (visited)
  Swamp: Lair:2-3    Shoals: Lair:2-3       Orc: D:9-12

Altars:
Ashenzari
Cheibriados
Dithmenos
Elyvilon
Fedhas
Gozag
Hepliaklqana
Kikubaaqudgha
Makhleb
Nemelex Xobeh
Okawaru
Qazlal
Ru
Sif Muna
Trog
Uskayaw
Vehumet
Wu Jian
Xom
Yredelemnul
Zin
The Shining One
Jiyva

Shops:
D:1 *   D:8 [

Annotations:
Lair:2 Gastronok
Lair:4 2 transporters, Tunlugh's ghost, adept GrEE
Lair:5 1 runed translucent door, Cheops's ghost, journeyman DrCj
Abyss:1 Eustachio


Innate Abilities, Weirdness & Mutations

You have razor-sharp teeth.
Your natural rate of healing is unusually fast.
When hurt, damage is shared between your health and your magic reserves.
Your bite disrupts and absorbs the magic of your enemies.
Potions cannot restore your health.


Message History

You hit the wyvern.
The wyvern is moderately wounded.
The wyvern bites you. You block the wyvern's attack.
You hit the wyvern. You bite the wyvern! You drain its power.
You feel invigorated.
The wyvern is heavily wounded.
The wyvern blinks!
You hit the cane toad but do no damage. Your bite misses the cane toad.
The cane toad blinks!
You hit the wyvern but do no damage.
Space warps around the wyvern.
Your bite misses the wyvern.
The wyvern is severely wounded.
The wyvern bites you! The wyvern barely misses you.
You barely miss the cane toad. You bite the cane toad. You drain its power.
You feel invigorated.
The cane toad is lightly wounded.
The wyvern bites you! The cane toad stings you!
You barely miss the cane toad. You bite the cane toad. You drain its power.
You feel invigorated.
The cane toad is lightly wounded.
The cane toad closely misses you.
You hit the cane toad but do no damage.
Space warps around the cane toad.
The cane toad is moderately wounded.
The wyvern bites you!
* * * LOW HITPOINT WARNING * * *
As you read the scroll of teleportation, it crumbles to dust.
You feel strangely unstable. The wyvern bites you!
* * * LOW HITPOINT WARNING * * *
You block the cane toad's attack. The wyvern misses you.
The wyvern bites you but does no damage.
The cane toad misses you. The wyvern attacks as you move away!
The wyvern bites you.
* * * LOW HITPOINT WARNING * * *
The wyvern barely misses you. The wyvern misses you.
You block the cane toad's attack. The cane toad attacks as you move away!
The cane toad stings you!
* * * LOW HITPOINT WARNING * * *
You are lethally poisoned!
The cane toad poisons you!
You die...

###.......P...##.lS#....#...##...
##.........##...##....##...##..
#.....PP###....#......#....### ##
##....#.##..S.##......##....##
#.##.........P...#.PP...P.#......
#............PPl##.......P##.....
##.....#.####.#llF.....P.###.....
#.....##.#######.P.#...P## #.P...
......#P.##P..##@P#.##### ####..
........P#....#....## ###
...................# #
..............#.####
.......[......###
#...........#..# ##..........####
########..## ####


You could see a black mamba (wandering), a cane toad and 3 wyverns.

Vanquished Creatures
  A hydra (Lair:4)
  A two-headed ogre (D:8)
  A catoblepas (Lair:4)
  Sonja (Lair:1)
  Pikel (D:4)
  4 wolf spiders
  3 elephants
  5 black mambas
  A guardian serpent (Lair:5)
  13 cane toads
  2 rime drakes
  4 komodo dragons
  A freezing wraith (IceCv)
  2 hornets
  A polar bear (Lair:5)
  11 dream sheep
  Sigmund (D:3)
  9 wyverns
  20 yaks
  2 basilisks (Lair:1)
  A redback (Lair:5)
  3 nagas (Lair:2)
  10 water moccasins
  4 black bears
  2 ogres (D:5)
  3 wolves (Lair:1)
  4 centaurs
  2 phantoms
  A kobold brigand (D:9)
  A lemure (D:4)
  6 bullfrogs
  A necrophage (D:5)
  3 gnoll sergeants
  5 scorpions
  2 cane toad simulacra (IceCv)
  10 wights
  8 killer bees
  2 lava snakes (Lair:2)
  A hound (D:5)
  2 orc priests (D:5)
  5 iguanas
  An orc wizard (D:4)
  A polar bear simulacrum (IceCv)
  A wolf simulacrum (IceCv)
  7 adders
  9 gnolls
  11 white imps (Lair:3)
  2 worms
  4 dart slugs
  13 orcs
  9 ball pythons
  5 bats
  6 endoplasms
  6 giant cockroaches
  7 goblins
  5 hobgoblins
  10 jackals
  14 kobolds
  5 quokkas
  3 frilled lizards (D:1)
  5 rats
  A spectral goblin (D:6)
285 creatures vanquished.

Vanquished Creatures (others)
  23 fungi
  38 plants
61 creatures vanquished.

Grand Total: 346 creatures vanquished

Notes
Turn   | Place    | Note
-------+----------+-------------------------------------------
     0 | D:1      | Lutefisk the Vine Stalker Brigand began the quest for the
                  | Orb.
     0 | D:1      | Reached XP level 1. HP: 11/11 MP: 2/2
    92 | D:1      | Reached skill level 5 in Stealth
   207 | D:1      | Reached XP level 2. HP: 12/15 MP: 1/3
   347 | D:1      | Found Beufuaqu's General Store.
   372 | D:1      | Reached XP level 3. HP: 20/20 MP: 4/4
   464 | D:2      | Found a faded altar of an unknown god.
   893 | D:2      | Gained mutation: Your natural rate of healing is unusually
                  | fast. [Vine Stalker growth]
   893 | D:2      | Reached XP level 4. HP: 24/25 MP: 5/5
  1446 | D:3      | Reached XP level 5. HP: 29/29 MP: 6/6
  1484 | D:3      | Reached skill level 6 in Stealth
  1536 | D:3      | Noticed Sigmund
  1552 | D:3      | Killed Sigmund
  1553 | D:3      | Reached skill level 7 in Stealth
  1553 | D:3      | Reached XP level 6. HP: 27/33 MP: 5/7
  1616 | D:4      | Reached skill level 8 in Stealth
  1652 | D:4      | Noticed Pikel
  1672 | D:4      | Killed Pikel
  1673 | D:4      | Reached skill level 5 in Fighting
  1673 | D:4      | Reached skill level 1 in Armour
  1673 | D:4      | Reached skill level 1 in Dodging
  1673 | D:4      | Reached skill level 9 in Stealth
  1673 | D:4      | Reached XP level 7. HP: 37/39 MP: 5/8
  1714 | D:4      | Found a staircase to the Ecumenical Temple.
  1741 | Temple   | Entered the Ecumenical Temple
  1792 | Temple   | Became a worshipper of Dithmenos the Shadowed
  1830 | D:4      | Found a snail-covered altar of Cheibriados.
  1926 | D:4      | Gained mutation: You have razor-sharp teeth. [Vine Stalker
                  | growth]
  1926 | D:4      | Reached XP level 8. HP: 43/43 MP: 9/9
  1978 | D:4      | Reached skill level 10 in Stealth
  2045 | D:5      | Entered Level 5 of the Dungeon
  2045 | D:5      | Noticed Eustachio
  2064 | D:5      | Banished Eustachio
  2065 | D:5      | Reached skill level 11 in Stealth
  2252 | D:5      | Reached skill level 1 in Long Blades
  2297 | D:5      | Reached skill level 12 in Stealth
  2339 | D:5      | Reached * piety under Dithmenos
  2431 | D:5      | Reached XP level 9. HP: 47/47 MP: 10/10
  2839 | D:6      | Found a hazy altar of Hepliaklqana.
  2991 | D:6      | Found a blossoming altar of Fedhas.
  3146 | D:7      | HP: 2/49 [orc warrior/+0 short sword (11)]
  3400 | D:7      | Reached ** piety under Dithmenos
  3558 | D:8      | Reached XP level 10. HP: 55/55 MP: 11/11
  3612 | D:8      | Found Legyet's Armour Emporium.
  3634 | D:8      | Reached skill level 5 in Long Blades
  3758 | D:8      | Noticed a two-headed ogre
  3784 | D:8      | Killed a two-headed ogre
  4230 | D:9      | Reached skill level 1 in Invocations
  4313 | D:9      | Found a staircase to the Lair.
  4313 | D:9      | Noticed an elephant
  4322 | D:9      | Reached *** piety under Dithmenos
  4337 | D:9      | Killed an elephant
  4338 | D:9      | Reached XP level 11. HP: 60/60 MP: 11/13
  4380 | Lair:1   | Entered Level 1 of the Lair of Beasts
  4456 | Lair:1   | Identified a scroll of acquirement
  4474 | Lair:1   | Reached skill level 5 in Armour
  4478 | Lair:1   | Reached skill level 5 in Dodging
  4612 | Lair:1   | Noticed a wolf spider
  4631 | Lair:1   | Killed a wolf spider
  4654 | Lair:1   | Noticed a wolf spider
  4670 | Lair:1   | Killed a wolf spider
  4671 | Lair:1   | Reached skill level 13 in Stealth
  4730 | Lair:1   | Identified the +11 chain mail "Codut" {rPois Int+2}
  4850 | Lair:2   | Noticed a catoblepas
  4866 | Lair:1   | Noticed Sonja
  4874 | Lair:1   | Killed Sonja
  5040 | Lair:2   | Reached skill level 10 in Fighting
  5105 | Lair:2   | Noticed Gastronok
  5188 | Lair:2   | Found a staircase to the Snake Pit.
  5258 | Lair:2   | Reached XP level 12. HP: 42/67 MP: 14/14
  5328 | Lair:2   | Noticed a five-headed hydra
  5375 | Lair:3   | Found a frozen archway.
  5398 | Lair:3   | Reached **** piety under Dithmenos
  5434 | IceCv    | Entered an ice cave
  5435 | IceCv    | Found a transporter.
  5475 | IceCv    | Found a transporter.
  5544 | Lair:3   | Reached skill level 14 in Stealth
  5600 | Lair:3   | You fall into a shaft and drop 2 floors!
  5600 | Lair:5   | Entered Level 5 of the Lair of Beasts
  5725 | Lair:4   | Noticed a catoblepas
  5731 | Lair:4   | Killed a catoblepas
  5738 | Lair:4   | Found a transporter.
  5825 | Lair:4   | Found a bloodstained altar of Trog.
  5827 | Lair:4   | Noticed Tunlugh's ghost (adept GrEE)
  5832 | Lair:4   | Found a transporter.
  5934 | Lair:4   | Noticed a five-headed hydra
  5941 | Lair:4   | Killed a five-headed hydra
  6024 | Lair:4   | Found a viscous altar of Jiyva.
  6027 | Lair:4   | Found a staircase to the Slime Pits.
  6074 | Lair:4   | Reached skill level 15 in Stealth
  6113 | Lair:5   | Found a runed translucent door.
  6116 | Lair:5   | Noticed Cheops's ghost (journeyman DrCj)
  6206 | Lair:5   | Reached XP level 13. HP: 18/72 MP: 6/15
  6938 | Lair:5   | HP: 1/72 [cane toad (10)]
  6938 | Lair:5   | Succumbed to a cane toad's poison

Illustrated notes

Levels and vault maps discovered:
D:1:      minmay_arrival_diagonal_passages, layout_basic, serial_shops, shop
D:2:      layout_loops_ring, dreamdust_ecumenical_altar_statues,
          minmay_tree_intersection
D:3:      minmay_door_path, layout_loops_corners, minivault_25, uniq_sigmund
D:4:      layout_gridville, overflow_temple_1_default, temple_pool_b, uniq_pikel
D:5:      layout_loops_ring, uniq_eustachio
D:6:      layout_basic, nicolae_hepliaklqana_monster_ancestors, fedhas_altar_3
D:7:      layout_basic, serial_rivers, chequers_serial_rivers_small_3,
          chequers_serial_rivers_small_a, chequers_serial_rivers_micro_a,
          chequers_serial_rivers_micro_e
D:8:      layout_rooms, serial_shops, shop_coins
D:9:      layout_loops_corners, david_lair_generic
Temple:   compressed_dpeg_triangle_lava_temple
Lair:1:   layout_cave_pods, nicolae_lair_run_with_the_wolves,
          grunt_megastairs_4, uniq_sonja
Lair:2:   layout_gridlike, minmay_snake_entry_guardpost_medium, uniq_gastronok
Lair:3:   layout_regular_city, elwin_shoals_entry_rocks,
          portal_ice_cave_entry_imps, serial_bayou_pond_d
Lair:4:   layout_loops_ring, slime_entry_1, gammafunk_ghost_wrathful_warriors,
          lemuel_fruit_tree, grunt_megastairs_3, infiniplex_staircase_pool
Lair:5:   hangedman_lair_tendril_chambers, layout_gridlike,
          hellmonk_ghost_happy_afterlife

Skill      XL: |  1  2  3  4  5  6  7  8  9 10 11 12 13 |
---------------+----------------------------------------+-----
Stealth        | 5 7 9 12 13 15 | 15.0
Fighting       | 2 3 4 5 7 8 10 | 10.6
Short Blades   | 2 |  2.0
Throwing       | 2 |  2.0
Armour         | 1 4 5 7 |  7.0
Dodging        | 1 4 5 6 7 |  7.0
Evocations     | 2 3 4 |  4.0
Long Blades    | 1 4 5 7 9 |  9.0
Invocations    | 2 |  2.0
Shields        | |  0.7

Action                   |  1- 3 |  4- 6 |  7- 9 | 10-12 | 13-15 || total
-------------------------+-------+-------+-------+-------+-------++-------
Melee: Dagger            |   100 |   103 |   197 |   522 |   158 ||  1080
       Bite              |    19 |    18 |    56 |   173 |    78 ||   344
       Punch             |     2 |     1 |     3 |     9 |     3 ||    18
Throw: Dart              |     3 |    11 |     7 |    24 |    14 ||    59
Invok: Shadow Step       |       |       |       |     3 |     2 ||     5
Evoke: Wand              |       |       |       |     8 |     2 ||    10
  Use: Scroll            |       |       |    10 |     4 |     4 ||    18
       Potion            |       |       |       |     1 |     2 ||     3
 Stab: Sleeping          |    10 |     6 |    11 |    22 |     1 ||    50
       Distracted        |       |       |       |     2 |     2 ||     4
       Paralysed         |       |       |       |       |     1 ||     1
Armor: Robe              |    27 |       |       |       |       ||    27
       Leather armour    |       |    12 |    32 |    10 |       ||    54
       Ring mail         |       |       |       |    73 |    23 ||    96
Dodge: Dodged            |    40 |    44 |    87 |   223 |    81 ||   475
Block: Other             |     4 |    19 |    35 |    76 |    19 ||   153
       Reflection        |       |       |     2 |     3 |       ||     5
       Buckler           |       |       |       |       |    16 ||    16
